| TOP OF THE 1ST |
|
Detroit (APP) Tigers batting - Pitching for Texas (APP) Rangers : RHP Jaleel Martin
|
|
Pitching: RHP Jaleel Martin
|
|
|
Batting: RHB Jon Goldstein
|
0-0: SINGLE (Line Drive, 7S, EV 107.5 MPH)
|
|
Batting: RHB Keith Hoffman
|
0-0: Called Strike 0-1: Foul Ball, location: 2F 0-2: Ball 1-2: Ball Jon Goldstein steals 2nd base 2-2: Strikes out looking
|
|
Batting: LHB Jon Pedlar
|
0-0: Ball 1-0: Ball 2-0: 2-RUN HOME RUN (Flyball, 89XD, EV 101.9 MPH), Distance : 412 ft
|
|
Batting: RHB Adam MacConnell
|
0-0: Ball 1-0: Ball 2-0: Called Strike 2-1: Ball 3-1: Foul Ball, location: 2F 3-2: Strikes out looking
|
|
Batting: RHB Tony Soto
|
0-0: Called Strike 0-1: Ball 1-1: Swinging Strike 1-2: Ball 2-2: Ball 3-2: Strikes out swinging
|
| Top of the 1st over - 2 runs, 2 hits, 0 errors, 0 left on base; Detroit (APP) 2 - Texas (APP) 0 |
| BOTTOM OF THE 1ST |
|
Texas (APP) Rangers batting - Pitching for Detroit (APP) Tigers : RHP Dave Valdez
|
|
Pitching: RHP Dave Valdez
|
|
|
Batting: LHB Walter Vegter
|
0-0: Ball 1-0: Ball 2-0: Ball 3-0: Base on Balls
|
|
Batting: RHB Jay De Angelis
|
0-0: Ball 1-0: Ground out 5-3 (Groundball, 56, EV 93.8 MPH) Walter Vegter to second
|
|
Batting: RHB David Redman
|
0-0: Ball 1-0: Foul Ball, location: 2F 1-1: Ball 2-1: Ball 3-1: Foul Ball, location: 2F 3-2: Base on Balls
|
|
Batting: SHB Mark Paquin
|
0-0: Ball 1-0: Fielders Choice at 2nd, 4-6 (Groundball, 4, EV 106.9 MPH) Walter Vegter to third
|
|
Batting: RHB Matt Silva
|
0-0: Ball 1-0: Ball 2-0: Ball 3-0: Called Strike 3-1: Base on Balls Mark Paquin to second
|
|
Batting: RHB Alex Lopez
|
0-0: Ball 1-0: Swinging Strike 1-1: Ball 2-1: Ball Wild Pitch! Walter Vegter scores Mark Paquin to third Matt Silva to second 3-1: Swinging Strike 3-2: Base on Balls
|
|
Batting: RHB Rafael Tapia
|
0-0: Called Strike 0-1: Ball 1-1: Called Strike 1-2: Foul Ball, location: 2F 1-2: Ball 2-2: Ball 3-2: Ground out 6-3 (Groundball, 6, EV 98.1 MPH)
|
| Bottom of the 1st over - 1 run, 0 hits, 0 errors, 3 left on base; Detroit (APP) 2 - Texas (APP) 1 |
| TOP OF THE 2ND |
|
Detroit (APP) Tigers batting - Pitching for Texas (APP) Rangers : RHP Jaleel Martin
|
|
Batting: RHB Jose Evangelista
|
0-0: Called Strike 0-1: Ball 1-1: Ball 2-1: Swinging Strike 2-2: Strikes out swinging
|
|
Batting: RHB Willie Ochoa
|
0-0: Ball 1-0: Swinging Strike 1-1: Fly out, F7 (Flyball, 7, EV 88.8 MPH)
|
|
Batting: RHB Jamie Villagrana
|
0-0: Called Strike 0-1: Swinging Strike 0-2: Ball 1-2: Strikes out swinging
|
| Top of the 2nd over - 0 runs, 0 hits, 0 errors, 0 left on base; Detroit (APP) 2 - Texas (APP) 1 |
| BOTTOM OF THE 2ND |
|
Texas (APP) Rangers batting - Pitching for Detroit (APP) Tigers : RHP Dave Valdez
|
|
Batting: RHB Jordan Llanes
|
0-0: Ball 1-0: Ball 2-0: Ball 3-0: Called Strike 3-1: Called Strike 3-2: Foul Ball, location: 2F 3-2: SINGLE (Groundball, 34D, EV 105.0 MPH)
|
|
Batting: SHB Albert Ortiz
|
0-0: Called Strike 0-1: Ball 1-1: Ball 2-1: Called Strike 2-2: Ball 3-2: Strikes out swinging Jordan Llanes steals 2nd base Batter strikes out.
|
|
Batting: LHB Walter Vegter
|
0-0: Ball 1-0: Called Strike 1-1: Called Strike 1-2: Ball 2-2: Ground out 1-3 (Groundball, 13S, EV 70.6 MPH) Jordan Llanes to third
|
|
Batting: RHB Jay De Angelis
|
0-0: Called Strike 0-1: Ball 1-1: Foul Ball, location: 2F 1-2: Ball 2-2: Foul Ball, location: 2F 2-2: SINGLE (Groundball, 4M, EV 85.0 MPH) (infield hit) Jordan Llanes scores
|
|
Batting: RHB David Redman
|
0-0: Ball Jay De Angelis is caught stealing 2nd base 2-4
|
| Bottom of the 2nd over - 1 run, 2 hits, 0 errors, 0 left on base; Detroit (APP) 2 - Texas (APP) 2 |
| TOP OF THE 3RD |
|
Detroit (APP) Tigers batting - Pitching for Texas (APP) Rangers : RHP Jaleel Martin
|
|
Batting: LHB Steve Herrera
|
0-0: Ball 1-0: Called Strike 1-1: Ball 2-1: Foul Ball, location: 2F 2-2: Strikes out swinging
|
|
Batting: RHB Jon Goldstein
|
0-0: Called Strike 0-1: Ball 1-1: SINGLE (Line Drive, 78S, EV 100.0 MPH)
|
|
Batting: RHB Keith Hoffman
|
0-0: Ball 1-0: Ball 2-0: Ball 3-0: Called Strike 3-1: SINGLE (Groundball, 34D, EV 101.9 MPH) Jon Goldstein to second Runner from 2nd tries for 3rd, SAFE, throw by RF made to third
|
|
Batting: LHB Jon Pedlar
|
0-0: Ball 1-0: Ball 2-0: Ball 3-0: Called Strike 3-1: Swinging Strike 3-2: Strikes out looking
|
|
Batting: RHB Adam MacConnell
|
0-0: Called Strike 0-1: Foul Ball, location: 2F 0-2: Ground out 6-3 (Groundball, 56D, EV 81.9 MPH)
|
| Top of the 3rd over - 0 runs, 2 hits, 0 errors, 2 left on base; Detroit (APP) 2 - Texas (APP) 2 |
| BOTTOM OF THE 3RD |
|
Texas (APP) Rangers batting - Pitching for Detroit (APP) Tigers : RHP Dave Valdez
|
|
Batting: RHB David Redman
|
0-0: SINGLE (Groundball, 34D, EV 103.8 MPH)
|
|
Batting: SHB Mark Paquin
|
0-0: Foul Ball, location: 2F 0-1: Swinging Strike 0-2: Hit by Pitch David Redman to second
|
|
Batting: RHB Matt Silva
|
0-0: Foul Ball, location: 2F 0-1: Grounds into double play, 4-6-3 (Groundball, 4, EV 80.0 MPH) David Redman to third
|
|
Batting: RHB Alex Lopez
|
0-0: Ground out 1-3 (Groundball, 13, EV 73.8 MPH)
|
| Bottom of the 3rd over - 0 runs, 1 hit, 0 errors, 1 left on base; Detroit (APP) 2 - Texas (APP) 2 |
| TOP OF THE 4TH |
|
Detroit (APP) Tigers batting - Pitching for Texas (APP) Rangers : RHP Jaleel Martin
|
|
Batting: RHB Tony Soto
|
0-0: Ball 1-0: Ball 2-0: Ground out 6-3 (Groundball, 6, EV 83.1 MPH)
|
|
Batting: RHB Jose Evangelista
|
0-0: Ground out 6-3 (Groundball, 6, EV 86.9 MPH)
|
|
Batting: RHB Willie Ochoa
|
0-0: Swinging Strike 0-1: Ball 1-1: Called Strike 1-2: Strikes out swinging
|
| Top of the 4th over - 0 runs, 0 hits, 0 errors, 0 left on base; Detroit (APP) 2 - Texas (APP) 2 |
| BOTTOM OF THE 4TH |
|
Texas (APP) Rangers batting - Pitching for Detroit (APP) Tigers : RHP Dave Valdez
|
|
Batting: RHB Rafael Tapia
|
0-0: Ball 1-0: Ball 2-0: Ground out 5-3 (Groundball, 56S, EV 84.4 MPH)
|
|
Batting: RHB Jordan Llanes
|
0-0: Called Strike 0-1: Swinging Strike 0-2: Strikes out looking
|
|
Batting: SHB Albert Ortiz
|
0-0: Ball 1-0: Ground out 4-3 (Groundball, 34D, EV 98.1 MPH)
|
| Bottom of the 4th over - 0 runs, 0 hits, 0 errors, 0 left on base; Detroit (APP) 2 - Texas (APP) 2 |
| TOP OF THE 5TH |
|
Detroit (APP) Tigers batting - Pitching for Texas (APP) Rangers : RHP Jaleel Martin
|
|
Batting: RHB Jamie Villagrana
|
0-0: Ball 1-0: DOUBLE (Flyball, 89XD, EV 114.4 MPH)
|
|
Batting: LHB Steve Herrera
|
0-0: Called Strike 0-1: SINGLE (Line Drive, 4D, EV 98.1 MPH) Jamie Villagrana to third
|
|
Batting: RHB Jon Goldstein
|
0-0: Ball 1-0: SINGLE (Groundball, 56D, EV 98.1 MPH) Jamie Villagrana scores Steve Herrera to second
|
|
Batting: RHB Keith Hoffman
|
0-0: Ball Wild Pitch! Steve Herrera to third Jon Goldstein to second 1-0: Ball 2-0: Called Strike 2-1: SINGLE (Groundball, 56D, EV 107.5 MPH) Steve Herrera scores Jon Goldstein to third
|
|
Batting: LHB Jon Pedlar
|
0-0: Called Strike 0-1: Foul Ball, location: 2F 0-2: Strikes out swinging
|
|
Batting: RHB Adam MacConnell
|
0-0: Called Strike 0-1: Ball 1-1: Ball 2-1: Called Strike Keith Hoffman is caught stealing 2nd base 2-4 2-2: Foul Ball, location: 2F 2-2: Ground out 6-3 (Groundball, 6, EV 91.3 MPH)
|
| Top of the 5th over - 2 runs, 4 hits, 0 errors, 1 left on base; Detroit (APP) 4 - Texas (APP) 2 |
| BOTTOM OF THE 5TH |
|
Texas (APP) Rangers batting - Pitching for Detroit (APP) Tigers : RHP Dave Valdez
|
|
Batting: LHB Walter Vegter
|
0-0: Ball 1-0: Called Strike 1-1: Ball 2-1: Ball 3-1: Ground out 6-3 (Groundball, 6, EV 98.8 MPH)
|
|
Pitching: RHP Scott King
|
|
|
Batting: RHB Jay De Angelis
|
0-0: Ball 1-0: Called Strike 1-1: Swinging Strike 1-2: Ball 2-2: Ball 3-2: Base on Balls
|
|
Batting: RHB David Redman
|
0-0: Ball Jay De Angelis steals 2nd base 1-0: Ball 2-0: Ball 3-0: Called Strike 3-1: Fly out, F8 (Flyball, 8RD, EV 100.6 MPH)
|
|
Batting: SHB Mark Paquin
|
0-0: Ball Passed Ball! Jay De Angelis to third 1-0: Foul Ball, location: 2F 1-1: SINGLE (Groundball, 6D, EV 110.0 MPH) Jay De Angelis scores
|
|
Pinch Hitting: LHB Justin Wheelock
|
0-0: Called Strike 0-1: Called Strike 0-2: DOUBLE (Line Drive, 7LD, EV 104.4 MPH) Mark Paquin to third Runner from 3rd tries for Home, SAFE, throw by LF to home
|
|
Batting: RHB Alex Lopez
|
0-0: Ball 1-0: Ball 2-0: Ball 3-0: Called Strike 3-1: Called Strike 3-2: Fly out, F7 (Flyball, 7, EV 82.5 MPH)
|
| Bottom of the 5th over - 2 runs, 2 hits, 0 errors, 1 left on base; Detroit (APP) 4 - Texas (APP) 4 |
| TOP OF THE 6TH |
|
Detroit (APP) Tigers batting - Pitching for Texas (APP) Rangers : RHP Jaleel Martin
|
|
Now in RF: Jeremy Palac
|
|
|
Batting: RHB Tony Soto
|
0-0: Ball 1-0: Ball 2-0: Called Strike 2-1: Ball 3-1: Swinging Strike 3-2: Strikes out swinging
|
|
Batting: RHB Jose Evangelista
|
0-0: Called Strike 0-1: Ball 1-1: Fly out, F5 (Popup, 25F, EV 92.5 MPH)
|
|
Batting: RHB Willie Ochoa
|
0-0: Foul Ball, location: 2F 0-1: Swinging Strike 0-2: Foul Ball, location: 2F 0-2: Ball 1-2: Foul Ball, location: 2F 1-2: Foul Ball, location: 2F 1-2: Ball 2-2: Ball 3-2: Fly out, F3 (Popup, 3F, EV 63.1 MPH)
|
| Top of the 6th over - 0 runs, 0 hits, 0 errors, 0 left on base; Detroit (APP) 4 - Texas (APP) 4 |
| BOTTOM OF THE 6TH |
|
Texas (APP) Rangers batting - Pitching for Detroit (APP) Tigers : RHP Scott King
|
|
Batting: RHB Rafael Tapia
|
0-0: Called Strike 0-1: Ball 1-1: Ground out 6-3 (Groundball, 6, EV 103.1 MPH)
|
|
Batting: RHB Jordan Llanes
|
0-0: Ball 1-0: Called Strike 1-1: Ground out 6-3 (Groundball, 6, EV 105.0 MPH)
|
|
Batting: SHB Albert Ortiz
|
0-0: Ball 1-0: Swinging Strike 1-1: SINGLE (Groundball, 4D, EV 98.1 MPH)
|
|
Batting: LHB Walter Vegter
|
0-0: Called Strike 0-1: Foul Ball, location: 2F 0-2: Ground out 2-3 (Groundball, 2R, EV 76.9 MPH)
|
| Bottom of the 6th over - 0 runs, 1 hit, 0 errors, 1 left on base; Detroit (APP) 4 - Texas (APP) 4 |
| TOP OF THE 7TH |
|
Detroit (APP) Tigers batting - Pitching for Texas (APP) Rangers : RHP Jaleel Martin
|
|
Pitching: RHP Tim Laverty
|
|
|
Batting: RHB Jamie Villagrana
|
0-0: Called Strike 0-1: Swinging Strike 0-2: Ball 1-2: Ball 2-2: Ball 3-2: Strikes out looking
|
|
Batting: LHB Steve Herrera
|
0-0: Fly out, F7 (Flyball, 78S, EV 81.9 MPH)
|
|
Batting: RHB Jon Goldstein
|
0-0: Called Strike 0-1: Foul Ball, location: 2F 0-2: Ball 1-2: Ball 2-2: Strikes out swinging
|
| Top of the 7th over - 0 runs, 0 hits, 0 errors, 0 left on base; Detroit (APP) 4 - Texas (APP) 4 |
| BOTTOM OF THE 7TH |
|
Texas (APP) Rangers batting - Pitching for Detroit (APP) Tigers : RHP Scott King
|
|
Pitching: RHP Tony Kepp
|
|
|
Batting: RHB Jay De Angelis
|
0-0: TRIPLE (Groundball, 5L, EV 106.9 MPH)
|
|
Batting: LHB Tomoya Hashimoto
|
0-0: Intentional Walk
|
|
Batting: SHB Mark Paquin
|
0-0: Ball 1-0: Ball Wild Pitch! Jay De Angelis scores Tomoya Hashimoto to second 2-0: Intentional Walk
|
|
Pinch Runner at 2nd Steven Frederick:
|
|
|
Batting: RHB Jeremy Palac
|
0-0: Ball 1-0: Called Strike 1-1: Called Strike 1-2: Ball 2-2: Strikes out swinging
|
|
Batting: RHB Alex Lopez
|
0-0: Called Strike 0-1: Foul Ball, location: 2F 0-2: Ball 1-2: Ball 2-2: Ball 3-2: Foul Ball, location: 2F 3-2: Strikes out looking
|
|
Batting: RHB Rafael Tapia
|
0-0: Fielders Choice at 2nd, 6-4 (Groundball, 6, EV 93.8 MPH)
|
| Bottom of the 7th over - 1 run, 1 hit, 0 errors, 2 left on base; Detroit (APP) 4 - Texas (APP) 5 |
| TOP OF THE 8TH |
|
Detroit (APP) Tigers batting - Pitching for Texas (APP) Rangers : RHP Tim Laverty
|
|
Batting: RHB Keith Hoffman
|
0-0: Ball 1-0: Ground out 4-3 (Groundball, 34, EV 90.6 MPH)
|
|
Batting: LHB Jon Pedlar
|
0-0: Swinging Strike 0-1: Called Strike 0-2: Ball 1-2: Strikes out swinging
|
|
Batting: RHB Adam MacConnell
|
0-0: Called Strike 0-1: Ball 1-1: Swinging Strike 1-2: SINGLE (Flyball, 89S, EV 100.0 MPH)
|
|
Batting: RHB Tony Soto
|
0-0: Foul Ball, location: 2F 0-1: Ball 1-1: Ball 2-1: Foul Ball, location: 2F 2-2: Ball 3-2: Foul Ball, location: 2F 3-2: Foul Ball, location: 2F 3-2: Strikes out looking
|
| Top of the 8th over - 0 runs, 1 hit, 0 errors, 1 left on base; Detroit (APP) 4 - Texas (APP) 5 |
| BOTTOM OF THE 8TH |
|
Texas (APP) Rangers batting - Pitching for Detroit (APP) Tigers : RHP Tony Kepp
|
|
Batting: RHB Jordan Llanes
|
0-0: Ball 1-0: Ball 2-0: Ball 3-0: Called Strike 3-1: Fly out, F4 (Line Drive, 4, EV 68.8 MPH)
|
|
Batting: SHB Albert Ortiz
|
0-0: Called Strike 0-1: Foul Ball, location: 2F 0-2: Ball 1-2: Strikes out swinging
|
|
Batting: LHB Walter Vegter
|
0-0: Ball 1-0: Called Strike 1-1: Ball 2-1: Foul Ball, location: 2F 2-2: Foul Ball, location: 2F 2-2: Strikes out swinging
|
| Bottom of the 8th over - 0 runs, 0 hits, 0 errors, 0 left on base; Detroit (APP) 4 - Texas (APP) 5 |
| TOP OF THE 9TH |
|
Detroit (APP) Tigers batting - Pitching for Texas (APP) Rangers : RHP Tim Laverty
|
|
Pitching: LHP A.J. Heffner
|
|
|
Batting: RHB Jose Evangelista
|
0-0: Ball 1-0: Foul Ball, location: 2F 1-1: Ball 2-1: Called Strike 2-2: Ball 3-2: Reached on error, E1 (Groundball, 34S, EV 71.3 MPH)
|
|
Batting: RHB Willie Ochoa
|
0-0: Swinging Strike 0-1: Foul Ball, location: 2F 0-2: SINGLE (Line Drive, 78S, EV 89.4 MPH) Jose Evangelista to third
|
|
Batting: RHB Jamie Villagrana
|
0-0: Called Strike 0-1: Called Strike 0-2: Strikes out looking
|
|
Pinch Hitting: RHB Jeremiah Washington
|
0-0: Ball 1-0: Called Strike 1-1: Foul Ball, location: 2F 1-2: Ball 2-2: Strikes out swinging
|
|
Batting: RHB Jon Goldstein
|
0-0: Ball 1-0: 3-RUN HOME RUN (Flyball, 7LD, EV 91.3 MPH), Distance : 332 ft
|
|
Batting: RHB Keith Hoffman
|
0-0: Foul Ball, location: 2F 0-1: Ball 1-1: SINGLE (Line Drive, 78M, EV 102.5 MPH)
|
|
Batting: LHB Jon Pedlar
|
0-0: Ground out U3 (Groundball, 3L, EV 90.0 MPH)
|
| Top of the 9th over - 3 runs, 3 hits, 1 error, 1 left on base; Detroit (APP) 7 - Texas (APP) 5 |
| BOTTOM OF THE 9TH |
|
Texas (APP) Rangers batting - Pitching for Detroit (APP) Tigers : RHP Tony Kepp
|
|
Pitching: RHP Kyle Moore
|
|
|
Now in LF: John Evancho
|
|
|
Batting: RHB Jay De Angelis
|
0-0: Swinging Strike 0-1: Swinging Strike 0-2: Ball 1-2: Ball 2-2: Ground out 4-3 (Groundball, 4, EV 87.5 MPH)
|
|
Batting: LHB Steven Frederick
|
0-0: Called Strike 0-1: Ball 1-1: Ball 2-1: Ball 3-1: Base on Balls
|
|
Batting: SHB Mark Paquin
|
0-0: Ball 1-0: Ball 2-0: Ball 3-0: Called Strike 3-1: SINGLE (Groundball, 34D, EV 100.0 MPH) Steven Frederick to second
|
|
Batting: RHB Jeremy Palac
|
0-0: Swinging Strike 0-1: Fly out, F6 (Line Drive, 6, EV 64.4 MPH)
|
|
Batting: RHB Alex Lopez
|
0-0: Fly out, F7 (Flyball, 7, EV 90.6 MPH)
|
| Bottom of the 9th over - 0 runs, 1 hit, 0 errors, 2 left on base; Detroit (APP) 7 - Texas (APP) 5 |
|